 Dungeon Crawl Stone Soup version 0.23.2 (webtiles) character file.

Game seed: 2177781931856764319

139 Borgoz the Cutter (level 5, -5/32 HPs)
             Began as a Gargoyle Gladiator on Apr 13, 2019.
             Killed by divine providence
             ... invoked by an orc priest
              (13 damage)
             ... on level 3 of the Dungeon.
             The game lasted 00:03:18 (2332 turns).

Borgoz the Cutter (Gargoyle Gladiator)              Turns: 2332, Time: 00:03:19

Health: -5/32      AC:  8    Str: 17    XL:     5   Next: 22%
Magic:  5/5        EV: 13    Int:  9    God:
Gold:   102        SH:  0    Dex: 12    Spells: 4/4 levels left

rFire    . . .     SeeInvis .   a - +0 rapier
rCold    . . .     Gourm    .   (no shield)
rNeg     + . .     Faith    .   b - +0 leather armour
rPois    ∞         Spirit   .   c - +0 helmet
rElec    +         Reflect  .   (no cloak)
rCorr    .         Harm     .   (no gloves)
MR       .....                  (no boots)
Stlth    +.........             (no amulet)
HPRegen  0.10/turn              (no ring)
MPRegen  0.09/turn              (no ring)

@: no status effects
A: negative energy resistance 1, electricity resistance, unbreathing,
petrification resistance, rot immunity, AC +4
a: no special abilities


You were on level 3 of the Dungeon.
You were not hungry.

You visited 1 branch of the dungeon, and saw 3 of its levels.

You collected 102 gold pieces.

Inventory:

Hand Weapons
 a - a +0 rapier (weapon)
Missiles
 d - 3 throwing nets (quivered)
Armour
 b - a +0 leather armour (worn)
 c - a +0 helmet (worn)
Scrolls
 e - 6 scrolls of identify {unknown}
 g - a scroll of enchant armour {unknown}
 h - a scroll of teleportation {unknown}
 i - a scroll of enchant weapon {unknown}
 m - a scroll of remove curse {unknown}
 o - a scroll of immolation {unknown}
Comestibles
 f - 6 rations
 j - 3 chunks of flesh


   Skills:
 + Level 3.0 Fighting
 * Level 3.7 Short Blades
 - Level 1.7 Throwing
 + Level 1.9 Armour
 * Level 3.3 Dodging


You had 4 spell levels left.
You didn't know any spells.
Your spell library was empty.

Dungeon Overview and Level Annotations

Branches:
Dungeon (3/15)

Altars:


Innate Abilities, Weirdness & Mutations

You are resistant to torment.
Your stone body is resilient. (AC +4)
You are immune to poison.
You resist negative energy. (rN+)
You are resistant to electric shocks. (rElec)
You can survive without breathing.
You are immune to petrification.
You are immune to rotting.


Message History

The orc priest calls down the wrath of Beogh upon you.
Beogh smites you!
You hit the orc priest but do no damage.
The orc priest is moderately wounded.
The orc priest calls down the wrath of Beogh upon you.
You barely resist. The orc closely misses you.
You hit the orc priest but do no damage.
The orc priest is moderately wounded.
The orc priest closely misses you. The orc barely misses you.
You barely miss the orc priest.
The orc priest is moderately wounded.
The orc priest mumbles some strange prayers to Beogh against you.
Beogh smites you!
* * * LOW HITPOINT WARNING * * *
The orc hits you but does no damage.
The orc priest hits you but does no damage.
You aren't carrying any potions.
The orc priest calls down the wrath of Beogh upon you.
Beogh smites you!
You die... ...... ...... ....####### .o............ .... #.....## So.

##...>.##
#..##.......#
#...#.......#
#o.#..@)...####
#..##)o÷......#
#....o.÷[..##..
#.##.......##..##
.. #......)..[...
...
##............
... #............
.. #.............
. ...............


You could see an orc priest and an orc.

Vanquished Creatures
  Robin (D:3)
  4 adders
  An ooze (D:2)
  4 worms (D:2)
  2 leopard geckos
  4 orcs
  10 giant cockroaches
  10 goblins
  9 hobgoblins
  2 jackals (D:1)
  5 kobolds
  8 bats
  5 frilled lizards
  3 rats
68 creatures vanquished.

Notes
Turn   | Place    | Note
-------+----------+-------------------------------------------
     0 | D:1      | Borgoz the Gargoyle Gladiator began the quest for the Orb.
     0 | D:1      | Reached XP level 1. HP: 12/12 MP: 1/1
    89 | D:1      | Reached XP level 2. HP: 13/17 MP: 2/2
   389 | D:1      | Reached XP level 3. HP: 18/22 MP: 3/3
   487 | D:1      | Reached skill level 1 in Armour
  1158 | D:2      | Reached XP level 4. HP: 18/27 MP: 4/4
  1599 | D:3      | Noticed Robin
  1613 | D:2      | HP: 1/27 [hobgoblin/cursed -3 club (3)]
  1620 | D:2      | HP: 1/40 [goblin[Robin] (1)]
  2153 | D:3      | Killed Robin
  2160 | D:3      | Reached XP level 5. HP: 27/32 MP: 5/5
  2332 | D:3      | Killed from afar by an orc priest

Skill      XL: |  1  2  3  4  5 |
---------------+----------------+-----
Short Blades   | 3 |  3.7
Armour         | 1 |  1.9
Dodging        | 3 |  3.3
Fighting       | 3 |  3.0
Throwing       | |  1.7

Action                   |  1- 3 |  4- 6 || total
-------------------------+-------+-------++-------
Melee: Rapier            |   136 |    97 ||   233
Throw: Throwing net      |     1 |       ||     1
  Use: Potion            |       |     4 ||     4
 Stab: Sleeping          |     1 |       ||     1
       Held in net/web   |     1 |       ||     1
  Eat: Chunk             |     1 |     4 ||     5
Armor: Leather armour    |    63 |    56 ||   119
       Skin              |       |     9 ||     9
Dodge: Dodged            |   109 |    82 ||   191
